General information
- name: BNet
- type: Ladder team game (AT/RT)
- host: Battle.net
- saver: TheONLYHuman.
map: Mur'gulOasis
- players: 8
- length: 37:45
- speed: Fast
- version: 1.26 W3XP
- replay type: Public
» download(221 KB)
Players
team 1 (loser)
Dorian12 (
red | 41 APM | 1337 actions | 32:27)
5 Mountain King
1 Storm Bolt
1 Bash
3 Thunder Clap
3 Paladin
1 Holy Light
2 Divine Shield
1 Archmage
1 Summon Water Elemental
» actions
| Assign group hotkey | 24 | |
| Basic commands | 129 | |
| Build / train | 69 | |
| Enter build submenu | 16 | |
| Enter hero's abilities submenu | 9 | |
| Give item / drop item | 8 | |
| Remove unit from queue | 1 | |
| Right click | 443 | |
| Select / deselect | 235 | |
| Select group hotkey | 293 | |
| Use ability | 110 | |
1337 total
» units
| Peasant | 8 | |
| Rifleman | 8 | |
| Mortar Team | 6 | |
22 total
» upgrades
| Gunpowder | 3 | |
| Long Rifles | 1 | |
| Flare | 1 | |
| Barrage | 1 | |
| Armor | 1 | |
7 total
» buildings
| Farm | 9 | |
| Altar of Kings | 2 | |
| Lumber Mill | 1 | |
| Barracks | 1 | |
| Blacksmith | 1 | |
| Scout Tower | 1 | |
| Arcane Tower | 1 | |
| Arcane Vault | 1 | |
| Keep | 1 | |
| Workshop | 1 | |
| Castle | 1 | |
20 total
» build order
01:00 Farm
01:02 Altar of Kings
01:05 Altar of Kings
01:17 Lumber Mill
01:39 Barracks
01:42 Blacksmith
01:54 Farm
02:11 Scout Tower
02:38 Arcane Tower
02:46 Farm
03:09 Farm
03:44 Arcane Vault
05:09 Keep
05:24 Farm
05:25 Farm
05:27 Farm
07:58 Workshop
13:13 Castle
15:42 Farm
15:43 Farm
» items
| Scroll of Regeneration | 3 | |
| Lesser Clarity Potion | 4 | |
| Scroll of Town Portal | 5 | |
| Potion of Lesser Invulnerability | 2 | |
| Orb of Lightning | 1 | |
| Healing Salve | 2 | |
17 total
BALLER.FLL (
orange | 63 APM | 2372 actions | 37:45)
6 Blademaster
3 Wind Walk
2 Critical Strike
1 Bladestorm
» actions
| Assign group hotkey | 35 | |
| Basic commands | 13 | |
| Build / train | 68 | |
| Enter build submenu | 22 | |
| Enter hero's abilities submenu | 7 | |
| Give item / drop item | 2 | |
| Right click | 1195 | |
| Select / deselect | 270 | |
| Select group hotkey | 617 | |
| Use ability | 143 | |
2372 total
» units
| Peon | 13 | |
| Wind Rider | 13 | |
| Troll Batrider | 6 | |
| Raider | 3 | |
35 total
» upgrades
| Ranged Weapons | 2 | |
| Envenomed Spears | 1 | |
| Reinforced Defenses | 1 | |
| Armor | 2 | |
| Liquid Fire | 1 | |
| Ensnare | 1 | |
| Melee Weapons | 1 | |
9 total
» buildings
| Altar of Storms | 1 | |
| Orc Burrow | 6 | |
| Voodoo Lounge | 1 | |
| Stronghold | 1 | |
| War Mill | 1 | |
| Watch Tower | 23 | |
| Beastiary | 4 | |
| Fortress | 1 | |
| Great Hall | 1 | |
39 total
» build order
00:07 Altar of Storms
00:21 Orc Burrow
00:51 Voodoo Lounge
02:05 Stronghold
02:17 War Mill
02:26 Orc Burrow
02:26 Orc Burrow
02:27 Orc Burrow
03:39 Watch Tower
03:41 Watch Tower
04:32 Beastiary
04:50 Beastiary
05:54 Fortress
09:15 Watch Tower
09:16 Watch Tower
09:17 Watch Tower
09:17 Watch Tower
11:45 Watch Tower
11:45 Watch Tower
12:15 Orc Burrow
12:15 Orc Burrow
12:30 Watch Tower
12:31 Watch Tower
15:10 Watch Tower
15:10 Watch Tower
15:11 Watch Tower
15:11 Watch Tower
16:12 Watch Tower
16:12 Watch Tower
17:34 Watch Tower
17:35 Watch Tower
19:24 Watch Tower
19:25 Watch Tower
19:25 Watch Tower
20:37 Watch Tower
20:37 Watch Tower
25:08 Great Hall
27:40 Beastiary
27:46 Beastiary
» items
| Healing Salve | 3 | |
| Lesser Clarity Potion | 1 | |
| Staff of Teleportation | 1 | |
| Scroll of Regeneration | 1 | |
| Scroll of Town Portal | 3 | |
| Orb of Lightning | 1 | |
| Tiny Great Hall | 1 | |
| Potion of Healing | 1 | |
12 total
destroyernole (
green | 41 APM | 786 actions | 19:00)
3 Shadow Hunter
2 Serpent Ward
1 Hex
» actions
| Assign group hotkey | 15 | |
| Basic commands | 4 | |
| Build / train | 30 | |
| Enter build submenu | 23 | |
| Enter hero's abilities submenu | 3 | |
| Remove unit from queue | 1 | |
| Right click | 292 | |
| Select / deselect | 175 | |
| Select group hotkey | 205 | |
| Use ability | 38 | |
786 total
» units
| Peon | 7 | |
| Grunt | 6 | |
| Troll Headhunter/Berserker | 2 | |
| Tauren | 5 | |
20 total
» upgrades
| Berserker Strength | 1 | |
| Pulverize | 1 | |
2 total
» buildings
| Orc Burrow | 10 | |
| Altar of Storms | 1 | |
| Barracks | 1 | |
| War Mill | 1 | |
| Watch Tower | 3 | |
| Stronghold | 1 | |
| Fortress | 1 | |
| Voodoo Lounge | 1 | |
| Tauren Totem | 2 | |
21 total
» build order
00:06 Orc Burrow
00:13 Altar of Storms
00:58 Barracks
01:42 Orc Burrow
02:00 War Mill
03:12 Watch Tower
03:50 Stronghold
04:27 Watch Tower
04:45 Orc Burrow
05:32 Watch Tower
06:03 Orc Burrow
06:22 Fortress
06:36 Voodoo Lounge
06:59 Orc Burrow
08:41 Orc Burrow
08:56 Tauren Totem
09:20 Tauren Totem
09:39 Orc Burrow
10:58 Orc Burrow
13:33 Orc Burrow
14:30 Orc Burrow
» items
Leaf (
purple | 71 APM | 1373 actions | 19:24)
3 Archmage
2 Summon Water Elemental
1 Brilliance Aura
» actions
| Assign group hotkey | 39 | |
| Basic commands | 8 | |
| Build / train | 78 | |
| ESC pressed | 2 | |
| Enter build submenu | 27 | |
| Enter hero's abilities submenu | 3 | |
| Remove unit from queue | 5 | |
| Right click | 518 | |
| Select / deselect | 281 | |
| Select group hotkey | 323 | |
| Use ability | 89 | |
1373 total
» units
| Peasant | 16 | |
| Footman | 14 | |
| Sorceress | 6 | |
| Spell Breaker | 1 | |
| Knight | -1 | |
| Priest | 2 | |
| Rifleman | 5 | |
43 total
» upgrades
» buildings
| Altar of Kings | 1 | |
| Farm | 6 | |
| Barracks | 1 | |
| Arcane Vault | 1 | |
| Scout Tower | 13 | |
| Lumber Mill | 1 | |
| Arcane Tower | 1 | |
| Guard Tower | 10 | |
| Keep | 2 | |
| Arcane Sanctum | 3 | |
| Blacksmith | 1 | |
| Castle | 1 | |
41 total
» build order
00:15 Altar of Kings
00:22 Farm
00:29 Barracks
00:47 Farm
01:41 Farm
02:31 Arcane Vault
04:50 Scout Tower
04:52 Scout Tower
04:54 Scout Tower
05:11 Scout Tower
05:29 Lumber Mill
05:36 Arcane Tower
06:56 Guard Tower
07:01 Scout Tower
07:02 Scout Tower
07:05 Farm
07:06 Farm
07:12 Farm
07:24 Keep
07:24 Keep
07:44 Guard Tower
07:53 Guard Tower
08:32 Scout Tower
08:34 Scout Tower
08:42 Scout Tower
08:45 Guard Tower
08:49 Scout Tower
08:59 Guard Tower
09:16 Scout Tower
09:17 Scout Tower
09:19 Scout Tower
09:23 Guard Tower
10:02 Arcane Sanctum
10:08 Arcane Sanctum
10:13 Arcane Sanctum
10:27 Guard Tower
12:48 Blacksmith
13:16 Castle
14:02 Guard Tower
16:52 Guard Tower
16:56 Guard Tower
» items
| Scroll of Regeneration | 2 | |
| Lesser Clarity Potion | 2 | |
| Potion of Healing | 2 | |
| Ivory Tower | 3 | |
9 total
team 2 (winner)
MiniRaeAce (
blue | 18 APM | 684 actions | 37:45)
6 Dreadlord
1 Sleep
3 Vampiric Aura
1 Carrion Swarm
1 Inferno
» actions
| Build / train | 61 | |
| Enter build submenu | 8 | |
| Enter hero's abilities submenu | 6 | |
| Give item / drop item | 1 | |
| Right click | 354 | |
| Select / deselect | 216 | |
| Use ability | 38 | |
684 total
» units
| Acolyte | 2 | |
| Ghoul | 21 | |
| Gargoyle | 10 | |
33 total
» upgrades
| Creature Attack | 2 | |
| Creature Carapace | 3 | |
| Stone Form | 1 | |
6 total
» buildings
| Crypt | 2 | |
| Ziggurat | 5 | |
| Altar of Darkness | 1 | |
| Nerubian Tower | 1 | |
| Graveyard | 1 | |
| Halls of the Dead | 1 | |
| Black Citadel | 1 | |
12 total
» build order
00:16 Crypt
00:17 Crypt
00:22 Ziggurat
00:29 Ziggurat
01:01 Altar of Darkness
01:39 Ziggurat
01:50 Nerubian Tower
02:21 Ziggurat
06:49 Graveyard
06:51 Halls of the Dead
13:06 Black Citadel
16:10 Ziggurat
» items
| Scroll of Town Portal | 3 | |
| Boots of Speed | 2 | |
| Potion of Healing | 1 | |
| Orb of Fire | 1 | |
| Potion of Lesser Invulnerability | 5 | |
12 total
TheONLYHuman. (
pink | 95 APM | 3596 actions | 37:45)
9 Archmage
3 Summon Water Elemental
3 Brilliance Aura
1 Mass Teleport
2 Blizzard
» actions
| Assign group hotkey | 94 | |
| Basic commands | 310 | |
| Build / train | 152 | |
| Enter build submenu | 43 | |
| Enter hero's abilities submenu | 9 | |
| Give item / drop item | 7 | |
| Right click | 1366 | |
| Select / deselect | 356 | |
| Select group hotkey | 1042 | |
| Use ability | 217 | |
3596 total
» units
| Peasant | 14 | |
| Footman | 8 | |
| Dragonhawk Rider | 3 | |
| Gryphon Rider | 12 | |
37 total
» upgrades
| Swords | 3 | |
| Armor | 3 | |
| Masonry | 3 | |
| Animal War Training | 1 | |
| Storm Hammers | 1 | |
| Lumber Harvesting | 2 | |
| Cloud | 1 | |
14 total
» buildings
| Altar of Kings | 1 | |
| Barracks | 1 | |
| Farm | 11 | |
| Arcane Vault | 1 | |
| Lumber Mill | 1 | |
| Keep | 2 | |
| Blacksmith | 1 | |
| Castle | 3 | |
| Gryphon Aviary | 3 | |
| Guard Tower | 40 | |
| Scout Tower | 19 | |
| Town Hall | 2 | |
| Arcane Tower | 12 | |
97 total
» build order
00:51 Altar of Kings
00:53 Barracks
00:58 Farm
01:07 Farm
01:13 Farm
01:31 Farm
01:48 Arcane Vault
02:09 Farm
02:51 Lumber Mill
03:54 Keep
03:54 Keep
05:39 Blacksmith
06:16 Castle
06:16 Castle
06:16 Castle
06:19 Gryphon Aviary
06:20 Gryphon Aviary
07:18 Guard Tower
07:22 Guard Tower
07:22 Guard Tower
07:32 Guard Tower
07:32 Guard Tower
07:33 Guard Tower
07:37 Farm
08:09 Farm
08:10 Farm
08:42 Scout Tower
08:50 Farm
10:55 Guard Tower
10:55 Guard Tower
11:19 Town Hall
11:22 Scout Tower
11:24 Scout Tower
11:36 Scout Tower
11:52 Guard Tower
12:29 Guard Tower
12:29 Guard Tower
12:29 Guard Tower
12:30 Guard Tower
12:30 Scout Tower
12:35 Scout Tower
12:37 Scout Tower
12:40 Scout Tower
13:20 Guard Tower
13:20 Guard Tower
14:02 Scout Tower
14:02 Scout Tower
14:04 Scout Tower
14:05 Scout Tower
15:03 Guard Tower
15:03 Guard Tower
15:04 Guard Tower
15:04 Guard Tower
15:04 Guard Tower
15:33 Guard Tower
15:33 Guard Tower
15:33 Guard Tower
15:38 Guard Tower
15:38 Guard Tower
16:26 Scout Tower
16:28 Scout Tower
16:29 Scout Tower
17:34 Guard Tower
17:34 Guard Tower
17:34 Guard Tower
17:40 Guard Tower
17:40 Guard Tower
19:04 Farm
19:10 Farm
19:21 Gryphon Aviary
29:10 Town Hall
29:13 Scout Tower
29:14 Scout Tower
29:16 Scout Tower
29:17 Scout Tower
29:45 Arcane Tower
29:45 Arcane Tower
29:46 Arcane Tower
29:47 Arcane Tower
29:47 Arcane Tower
29:47 Arcane Tower
29:47 Arcane Tower
» items
| Scroll of Regeneration | 4 | |
| Lesser Clarity Potion | 1 | |
| Ivory Tower | 4 | |
| Periapt of Vitality | 1 | |
| Scroll of Town Portal | 2 | |
| Staff of Sanctuary | 1 | |
| Mechanical Critter | 3 | |
| Staff of Teleportation | 1 | |
| Scroll of Protection | 1 | |
| Potion of Healing | 1 | |
19 total
Milzbrand (
yellow | 52 APM | 1429 actions | 27:13)
9 Mountain King
3 Storm Bolt
3 Bash
1 Avatar
2 Thunder Clap
» actions
| Assign group hotkey | 14 | |
| Basic commands | 1 | |
| Build / train | 89 | |
| Enter build submenu | 16 | |
| Enter hero's abilities submenu | 9 | |
| Give item / drop item | 2 | |
| Right click | 889 | |
| Select / deselect | 212 | |
| Select group hotkey | 91 | |
| Use ability | 106 | |
1429 total
» units
| Peasant | 11 | |
| Rifleman | 15 | |
| Mortar Team | 3 | |
| Siege Engine | 6 | |
35 total
» upgrades
| Gunpowder | 3 | |
| Armor | 3 | |
| Masonry | 2 | |
| Long Rifles | 1 | |
| Lumber Harvesting | 1 | |
| Fragmentation Shards | 1 | |
| Flare | 1 | |
| Barrage | 1 | |
13 total
» buildings
| Farm | 14 | |
| Blacksmith | 1 | |
| Barracks | 1 | |
| Altar of Kings | 1 | |
| Lumber Mill | 1 | |
| Scout Tower | 3 | |
| Arcane Tower | 4 | |
| Arcane Vault | 2 | |
| Keep | 2 | |
| Guard Tower | 2 | |
| Workshop | 2 | |
| Castle | 2 | |
35 total
» build order
00:52 Farm
00:54 Farm
01:06 Blacksmith
01:20 Barracks
01:37 Altar of Kings
01:44 Farm
01:53 Lumber Mill
02:00 Farm
02:46 Scout Tower
03:15 Arcane Tower
03:16 Arcane Tower
03:16 Arcane Tower
04:00 Arcane Vault
05:00 Arcane Vault
06:03 Keep
06:12 Farm
06:13 Farm
06:14 Farm
06:15 Farm
07:24 Scout Tower
07:24 Scout Tower
09:15 Guard Tower
09:15 Guard Tower
10:49 Workshop
10:50 Workshop
11:45 Castle
11:45 Castle
11:50 Farm
11:50 Farm
11:50 Farm
19:59 Farm
19:59 Farm
19:59 Farm
» items
| Boots of Speed | 1 | |
| Scroll of Regeneration | 4 | |
| Dust of Appearance | 1 | |
| Scroll of Town Portal | 3 | |
| Lesser Clarity Potion | 1 | |
| Potion of Healing | 2 | |
12 total
Answer_Man (
teal | 54 APM | 2026 actions | 37:45)
5 Paladin
3 Divine Shield
2 Holy Light
» actions
| Assign group hotkey | 163 | |
| Basic commands | 38 | |
| Build / train | 102 | |
| Enter build submenu | 33 | |
| Enter hero's abilities submenu | 6 | |
| Remove unit from queue | 1 | |
| Right click | 778 | |
| Select / deselect | 213 | |
| Select group hotkey | 609 | |
| Use ability | 83 | |
2026 total
» units
| Peasant | 13 | |
| Rifleman | 17 | |
| Mortar Team | 15 | |
| Knight | 4 | |
| Flying Machine | 8 | |
57 total
» upgrades
| Masonry | 3 | |
| Armor | 3 | |
| Gunpowder | 3 | |
| Lumber Harvesting | 2 | |
| Long Rifles | 1 | |
| Fragmentation Shards | 1 | |
| Flare | 1 | |
| Animal War Training | 1 | |
| Plating | 1 | |
| Flak Cannons | 1 | |
| Flying Machine Bombs | 1 | |
18 total
» buildings
| Lumber Mill | 2 | |
| Farm | 13 | |
| Altar of Kings | 1 | |
| Scout Tower | 7 | |
| Arcane Tower | 1 | |
| Guard Tower | 3 | |
| Blacksmith | 1 | |
| Keep | 4 | |
| Arcane Vault | 1 | |
| Barracks | 1 | |
| Castle | 4 | |
| Workshop | 2 | |
| Town Hall | 1 | |
41 total
» build order
00:28 Lumber Mill
00:56 Farm
01:12 Altar of Kings
01:28 Scout Tower
01:33 Farm
01:54 Scout Tower
01:55 Arcane Tower
02:14 Scout Tower
02:23 Guard Tower
02:37 Guard Tower
02:46 Lumber Mill
02:53 Blacksmith
03:36 Keep
03:36 Keep
03:36 Keep
03:48 Farm
03:51 Arcane Vault
04:25 Scout Tower
04:27 Scout Tower
05:00 Scout Tower
05:03 Scout Tower
05:20 Barracks
05:37 Guard Tower
05:58 Castle
05:58 Castle
05:58 Castle
06:21 Farm
06:24 Farm
08:45 Workshop
10:59 Farm
11:11 Workshop
11:45 Farm
12:52 Farm
14:27 Farm
15:18 Farm
16:34 Farm
17:34 Farm
20:55 Town Hall
20:56 Farm
» items
| Mechanical Critter | 3 | |
| Orb of Fire | 3 | |
| Scroll of Regeneration | 1 | |
7 total
Chat log
(00:10 / Allies) MiniRaeAce: THYE HAVE TWO ORC
(00:18 / Allies) TheONLYHuman.: oh yeah?
(00:22 / Allies) TheONLYHuman.: hmm
(00:28 / Allies) Milzbrand: u scared=
(00:30 / Allies) Milzbrand: ?
(00:33 / Allies) MiniRaeAce: rushing edge
(00:38 / All) BALLER.FLL: got disc hacked 10 min ago so gay
(02:13 / Allies) MiniRaeAce: wanna come with me?
(02:25 / Allies) MiniRaeAce: going night
(02:44 / Allies) MiniRaeAce: second notch
(02:50 / Allies) Milzbrand: i go mk
(02:54 / Allies) Milzbrand: want lvl 3 asap
(04:11 / Allies) MiniRaeAce: cooming?
(04:35 / Allies) Milzbrand: gj
(07:38 / Allies) Milzbrand: stun
(07:40 / Allies) Milzbrand: sleep
(07:42 / Allies) Milzbrand: surround
(07:52 / Allies) Answer_Man: wait
(08:55 / Allies) Milzbrand: bbb
(09:04 / Allies) Milzbrand: all?
(09:06 / Allies) Milzbrand: 4 here
(09:31 / Allies) MiniRaeAce: i think teal and pink are base sitters...
(09:35 / Allies) TheONLYHuman.: lol
(09:38 / Allies) TheONLYHuman.: I've been creeping all game
(09:41 / Allies) TheONLYHuman.: and I'm almost level 5
(09:44 / Allies) TheONLYHuman.: so I'm a base sitter?
(09:46 / Allies) Answer_Man: blue a hint boy YOU have 20 food
(09:48 / Allies) TheONLYHuman.: since I'm not a rush and fast wins
(09:49 / Allies) TheONLYHuman.: in a
(09:50 / Allies) MiniRaeAce: yeah that isn't helping
(09:51 / Allies) TheONLYHuman.: 13 yr o game
(09:53 / Allies) MiniRaeAce: whatever yourdoing
(09:53 / Allies) Answer_Man: maybe get UNITS son
(09:58 / Allies) TheONLYHuman.: kill yourself blue
(09:59 / Allies) TheONLYHuman.: uninstall
(10:09 / Allies) Milzbrand: =?
(10:33 / Allies) MiniRaeAce: sty back
(10:36 / Allies) MiniRaeAce: theer 4 v 1
(10:41 / Allies) Milzbrand: ic
(10:45 / Allies) Answer_Man: blue you dont even have SAHDES
(11:16 / Allies) Milzbrand: sh
(11:27 / Allies) Answer_Man: RUN kid
(12:38 / All) Dorian12: GG
(12:38 / Allies) Answer_Man: pink play son
(12:42 / Allies) TheONLYHuman.: I am playing
(12:42 / Allies) TheONLYHuman.: lmao
(12:48 / Allies) Milzbrand: let him
(12:48 / Allies) TheONLYHuman.: I just attacked green
(12:50 / Allies) Milzbrand: just play
(12:50 / Allies) TheONLYHuman.: killed half his burrows
(12:53 / Allies) TheONLYHuman.: you fucking retard
(12:55 / Allies) TheONLYHuman.: why don't you play
(12:57 / Allies) TheONLYHuman.: and hope that some day'
(12:59 / Allies) MiniRaeAce: your lucky purple is horrible
(12:59 / Allies) TheONLYHuman.: you can do as much as I do
(13:01 / Allies) TheONLYHuman.: in this game
(13:05 / Allies) TheONLYHuman.: hahahaha fucking retarded blue and teal
(13:12 / Allies) TheONLYHuman.: both of you install and go swallow some bleach
(13:12 / Allies) Answer_Man: child im the one fighting with my team you are not simple as
(13:17 / Allies) TheONLYHuman.: kill yourself
(13:17 / Allies) TheONLYHuman.: out
(13:24 / All) TheONLYHuman.: pausing so teal can go kill himself
(13:35 / Allies) Milzbrand: go
(13:36 / Allies) Milzbrand: and play
(13:44 / Allies) Answer_Man: solo teen
(14:49 / All) TheONLYHuman.: got level 6
(14:49 / All) TheONLYHuman.: gg
(15:13 / Allies) Answer_Man: maybe ATTACK....
(15:25 / Allies) TheONLYHuman.: wood me sons
(15:31 / Allies) TheONLYHuman.: ty
(15:54 / All) TheONLYHuman.: "just play" teal tells me
(15:58 / All) TheONLYHuman.: I am level 6
(16:00 / All) TheONLYHuman.: he is level 2 LOL
(16:14 / All) TheONLYHuman.: scrub blue bashing me when he's a dl hero using level 5 scrub
(17:23 / Allies) Answer_Man: all go ttp?
(17:26 / All) TheONLYHuman.: scrub blue has no base
(17:29 / All) TheONLYHuman.: and is bashing me
(17:31 / All) TheONLYHuman.: to "just play"
(17:32 / All) TheONLYHuman.: lmao
(17:37 / All) TheONLYHuman.: seriously uninstall blue and teal
(17:38 / Allies) Milzbrand: guys
(17:43 / Allies) Milzbrand: its a videogame
(17:45 / Allies) Milzbrand: relax and play
(17:49 / Allies) Answer_Man: WALK back to yellow
(18:35 / All) TheONLYHuman.: I think I'll let my team duke it out now that we're ahead
(18:37 / All) TheONLYHuman.: and not help them
(18:45 / All) TheONLYHuman.: since I can handle the enemy team by myself if I want to
(18:48 / All) TheONLYHuman.: don't need these clowns
(19:29 / Allies) MiniRaeAce: base sitter
(19:35 / Allies) TheONLYHuman.: hahaha
(19:37 / Allies) Milzbrand: lol
(19:40 / Allies) Milzbrand: my shop survide
(20:12 / Allies) TheONLYHuman.: nice tp
(20:12 / Allies) Answer_Man: check ornage out
(20:18 / Allies) TheONLYHuman.: without your gargs
(20:21 / Allies) TheONLYHuman.: fucking tard
(20:23 / Allies) TheONLYHuman.: hahaha
(20:41 / Allies) TheONLYHuman.: lol
(20:43 / Allies) TheONLYHuman.: pathetic
(21:35 / All) TheONLYHuman.: now you can sit and watch blue
(21:37 / All) TheONLYHuman.: enjoy!!!!
(21:54 / All) TheONLYHuman.: I'll help kill teal too
(22:29 / Allies) Answer_Man: grow up kid
(22:32 / All) MiniRaeAce: pink you are noob
(22:33 / Allies) TheONLYHuman.: kill yourself kid
(22:40 / All) TheONLYHuman.: hahaha sure buddy
(22:45 / All) MiniRaeAce: you are
(22:49 / All) TheONLYHuman.: 1v1?
(22:55 / All) MiniRaeAce: when i go and domiante purple you sit your base
(22:57 / All) TheONLYHuman.: 1v1?
(22:58 / All) MiniRaeAce: like a noob
(23:03 / All) TheONLYHuman.: I dominate you in 4v4
(23:06 / All) TheONLYHuman.: I dominate you in 1v1
(23:06 / All) MiniRaeAce: your benith me
(23:11 / Allies) Answer_Man: pink is a child
(23:13 / All) MiniRaeAce: your the scum on my shoe
(23:13 / All) TheONLYHuman.: and I will dominate you anytime, anywhere, any map, any race
(23:27 / All) TheONLYHuman.: Look at where you're speaking from buddy
(23:30 / All) TheONLYHuman.: 0 food hahahaha
(24:04 / All) TheONLYHuman.: flak doesn't work on allies btw
(24:08 / All) TheONLYHuman.: gyros are not the right choice, retard
(24:10 / All) BALLER.FLL: owned noob
(24:10 / Allies) Answer_Man: i simply dont have the practice at attackingh my own team to compete with this
(24:18 / Allies) TheONLYHuman.: hahaha no you're just retarded trash
(24:42 / Allies) Answer_Man: hard isnt it kid all these older players leaveing you behind
(25:14 / Allies) Answer_Man: poorlittel boy only thing you have the "courage" to do is attkac your own tream from behind
(25:24 / Allies) TheONLYHuman.: out
(25:46 / Allies) TheONLYHuman.: kill yourself
(26:37 / Allies) TheONLYHuman.: You gotta die too yellow so these losers can lose
(26:51 / Allies) Milzbrand: wtf
(26:56 / All) TheONLYHuman.: LOSERS GOTTA LOSE
(27:10 / Allies) Milzbrand: omg u fucking retard
(27:56 / All) BALLER.FLL: most spurpring win ever
(30:03 / All) TheONLYHuman.: level 1 bolt, level 3 stomp lawl
(30:05 / All) TheONLYHuman.: red is a great player
(30:12 / All) BALLER.FLL: we're gonna leave game. kill all units
(30:31 / All) BALLER.FLL: so if u stay it'll be u vs blue and teal
(30:32 / All) TheONLYHuman.: Listen up everyone
(30:38 / All) TheONLYHuman.: Me and orange were in this together
(30:44 / All) TheONLYHuman.: adn we're going to kill everything including our own units
(30:50 / All) TheONLYHuman.: and you can leave your pcs on all night for the win
(30:51 / All) TheONLYHuman.: sound fair?
(31:48 / All) BALLER.FLL: if u leave, guarnateed blue and teallose
(32:36 / All) TheONLYHuman.: Bad luck for you two clowns on my team
(32:40 / All) BALLER.FLL: yea i told him straight
(32:44 / All) BALLER.FLL: he said he wont leave comp on
(33:15 / All) TheONLYHuman.: kill teal and yellow base
(33:25 / All) BALLER.FLL: u got it buddy
(33:34 / All) BALLER.FLL: blues gargs snuck on me every time
(33:47 / All) TheONLYHuman.: Blue was an idiot lol
(33:48 / All) TheONLYHuman.: teal too
(33:54 / All) TheONLYHuman.: they said I was doing nothing when I did more than them all game
(33:59 / All) BALLER.FLL: they shouldnt have let us kill blues base
(35:05 / All) BALLER.FLL: damn look atblues rec
(35:08 / All) BALLER.FLL: nip record
(35:25 / All) TheONLYHuman.: 1127-1118
(35:32 / All) TheONLYHuman.: that's a lot of games played
(35:47 / All) TheONLYHuman.: ANything to say for yourself blue, teal?
(36:11 / All) BALLER.FLL: luv tap time
(36:54 / All) TheONLYHuman.: lawl
(37:03 / All) TheONLYHuman.: the power of maphack
(37:07 / All) BALLER.FLL: cheatttttttttter
(37:08 / All) TheONLYHuman.: kill invisible idle bms
(37:16 / All) TheONLYHuman.: Blue, teal
(37:19 / All) TheONLYHuman.: you two there?
(37:25 / All) TheONLYHuman.: any last words?
(37:41 / All) TheONLYHuman.: guess not